AoeStats
← Kurt_Ruslin

Black Forest

504376834Analyzed
3v3 RM · 28d ago on Sep 5, 2026· 70m 58s· 6 players
Game mode
Random Map
Map size
Normal (6 player)
Population
200
Speed
Normal
Resources
Standard
Victory
Conquest
Starting age
Dark Age
Ending age
Imperial Age
RankedLock teamsTeams togetherTeam positionsShared explorationLock speedFull tech treeHidden civsTurbo modeCheats
Victory
Defeat
🇦🇷 Georgians · Argentina
935
+14
🇵🇪 Romans · Peru
926
+14
🇦🇷 Bulgarians · Argentina
925
+14
🇺🇸 Magyars · United States
906
-15
🇺🇸 Mongols · United States
880
-14
🇺🇸 Huns · United States
865
-13
STOOGES19697454
2:43 Loom
12:36 Feudal Age
13:14 Double-Bit Axe
15:15 Man-at-Arms
17:58 Horse Collar
22:15 Castle Age
20:55 Gold Mining
23:07 Pikeman
23:09 Elite Skirmisher
24:33 Fletching
24:43 Scale Mail Armor
25:54 Wheelbarrow
27:12 Chain Mail Armor
27:57 Forging
29:27 Iron Casting
29:37 Bodkin Arrow
31:07 Stone Mining
31:27 Bow Saw
31:58 Squires
35:46 Stone Shaft Mining
36:49 Hand Cart
36:37 Heavy Plow
43:30 Imperial Age
49:45 Halberdier
51:24 Conscription
52:00 Town Watch
54:51 Blast Furnace
54:21 Plate Mail Armor
66:56 Bracer
68:34 Crop Rotation
68:11 Town Patrol
KakashiSenpai
1:25 Loom
12:06 Feudal Age
13:46 Fishing Lines
17:04 Wheelbarrow
19:59 Castle Age
18:43 Scale Mail Armor
20:53 Man-at-Arms
22:00 Town Watch
22:40 Forging
25:50 Squires
25:55 Double-Bit Axe
27:16 Pikeman
28:30 Gillnets
29:30 Chain Mail Armor
29:27 Gold Mining
29:19 Horse Collar
29:28 Long Swordsman
31:44 Bow Saw
31:48 Husbandry
31:58 Bloodlines
33:05 Scale Barding Armor
34:46 Iron Casting
34:19 Heavy Plow
33:47 Light Cavalry
34:40 Ballistas
35:34 Hand Cart
35:22 Town Patrol
36:13 Ballistics
36:07 Masonry
37:01 Gold Shaft Mining
36:16 Stone Mining
36:18 Fletching
36:51 Chain Barding Armor
43:36 Imperial Age
40:59 Fletching
41:10 Padded Archer Armor
41:43 Bodkin Arrow
43:58 Heavy Scorpion
45:17 Murder Holes
45:30 Siege Engineers
46:28 Chemistry
45:59 Architecture
46:06 Crop Rotation
46:37 Legionary
47:10 Halberdier
49:28 Blast Furnace
49:03 Plate Barding Armor
48:55 Capped Ram
50:15 Conscription
51:59 Leather Archer Armor
54:00 Siege Ram
56:35 Guilds
56:56 Coinage
56:26 Caravan
56:54 Sappers
63:52 Onager
Rafikii
0:48 Loom
12:02 Feudal Age
13:58 Double-Bit Axe
14:38 Horse Collar
20:03 Castle Age
18:40 Stone Mining
19:51 Gold Mining
21:15 Heavy Plow
21:29 Bow Saw
24:07 Wheelbarrow
24:03 Town Watch
27:39 Fletching
30:22 Bodkin Arrow
33:42 Imperial Age
31:45 Husbandry
32:53 Gold Shaft Mining
33:20 Squires
34:16 Ballistics
34:18 Hand Cart
35:17 Crop Rotation
36:27 Stone Shaft Mining
36:04 Onager
37:26 Caravan
37:38 Gambesons
38:02 Scale Barding Armor
38:17 Scale Mail Armor
39:11 Chain Barding Armor
39:06 Bracer
40:25 Chemistry
39:58 Bloodlines
40:38 Stirrups
40:37 Pikeman
42:13 Halberdier
43:11 Forging
43:54 Chain Mail Armor
44:17 Murder Holes
45:33 Plate Mail Armor
46:41 Iron Casting
46:42 Plate Barding Armor
46:03 Light Cavalry
46:32 Arson
47:36 Capped Ram
48:48 Siege Ram
49:59 Bagains
53:15 Elite Konnik
55:03 Blast Furnace
53:40 Hussar
55:33 Heavy Scorpion
70:05 Conscription
Lorde Stephen
4:58 Loom
13:52 Feudal Age
14:44 Double-Bit Axe
14:46 Horse Collar
21:29 Castle Age
20:01 Stone Mining
22:40 Heavy Plow
22:55 Bow Saw
24:36 Caravan
25:56 Forging
25:51 Scale Barding Armor
27:39 Scale Barding Armor
30:01 Marauders
30:43 Iron Casting
30:29 Chain Barding Armor
34:09 Imperial Age
31:48 Husbandry
32:57 Bloodlines
34:07 Fletching
34:18 Padded Archer Armor
34:07 Elite Skirmisher
35:23 Conscription
36:20 Two-Man Saw
34:50 Light Cavalry
35:33 Elite Tarkan
37:57 Atheism
37:36 Hussar
40:18 Blast Furnace
40:30 Plate Barding Armor
43:28 Bodkin Arrow
43:49 Leather Archer Armor
45:09 Leather Archer Armor
44:54 Bracer
45:05 Thumb Ring
47:03 Bracer
Ratbass
10:36 Loom
13:15 Feudal Age
17:54 Castle Age
16:47 Double-Bit Axe
16:44 Horse Collar
17:24 Bloodlines
17:23 Scale Barding Armor
19:43 Town Watch
22:49 Fishing Lines
25:14 Gillnets
31:47 Wheelbarrow
31:06 Gold Mining
35:29 Imperial Age
33:39 Heavy Plow
36:28 Hand Cart
36:42 Husbandry
36:06 Light Cavalry
37:33 Gold Shaft Mining
36:49 Stone Mining
40:03 Onager
41:18 Pikeman
42:35 Chain Barding Armor
42:41 Capped Ram
42:52 Halberdier
44:33 Hussar
47:35 Plate Barding Armor
46:51 Fletching
46:56 Cavalier
48:37 Bow Saw
49:21 Padded Archer Armor
49:17 Bodkin Arrow
49:44 Ballistics
50:25 Chemistry
49:36 Masonry
49:22 Murder Holes
50:13 Crop Rotation
51:32 Parthian Tactics
50:44 Heavy Cavalry Archer
52:18 Town Patrol
52:40 Scale Mail Armor
52:41 Bracer
52:56 Leather Archer Armor
53:07 Thumb Ring
54:18 Two-Man Saw
53:34 Caravan
55:32 Recurve Bow
55:54 Conscription
56:33 Ring Archer Armor
56:19 Chain Mail Armor
58:00 Elite Skirmisher
Kurt_Ruslin
0:33 Loom
11:56 Feudal Age
14:54 Double-Bit Axe
17:54 Horse Collar
23:14 Castle Age
21:58 Gold Mining
22:03 Stone Mining
24:20 Bow Saw
24:47 Wheelbarrow
23:58 Town Watch
24:59 Heavy Plow
26:13 Hand Cart
27:29 Light Cavalry
30:53 Husbandry
32:00 Scale Barding Armor
32:05 Forging
33:37 Bloodlines
33:51 Forging
34:40 Ballistics
34:32 Masonry
34:55 Padded Archer Armor
34:46 Fletching
35:52 Fortified Wall
37:04 Thumb Ring
42:51 Imperial Age
44:03 Conscription
43:09 Onager
45:02 Drill
44:33 Hussar
46:02 Siege Engineers
48:09 Iron Casting
49:48 Chain Barding Armor
50:48 Capped Ram
62:28 Chemistry
63:13 Siege Ram
Connection lost

Rejoining the realm…

Still unreachable

The connection could not be restored.

Session expired

The server has moved on; the page needs a fresh start.